 Dungeon Crawl Stone Soup version 0.29-a0-845-g6161e89988 (webtiles) character file.

Game seed: 2834135206285998612

18 gobodom the Firebug (level 2, -2/19 HPs)
             Began as a Demonspawn Fire Elementalist on July 15, 2022.
             Slain by Robin
             ... wielding a +0 mace
              (4 damage)
             ... on level 2 of the Dungeon.
             The game lasted 00:02:22 (748 turns).

gobodom the Firebug (Demonspawn Fire Elementalist)   Turns: 748, Time: 00:02:22

Health: -2/19      AC:  4    Str:  8    XL:     2   Next: 51%
Magic:  2/5        EV: 12    Int: 16    God:
Gold:   45         SH:  0    Dex: 13    Spells: 4/5 levels left

rFire   . . .      SeeInvis .   (no weapon)
rCold   . . .      Faith    .   (no shield)
rNeg    . . .      Spirit   .   a - +0 robe
rPois   .          Reflect  .   (no helmet)
rElec   .          Harm     .   (no cloak)
rCorr   .          Rampage  .   (no gloves)
Will    .....                   (no boots)
Stlth   ++........              (no amulet)
HPRegen 0.06/turn               (no ring)
MPRegen 0.09/turn               (no ring)

@: no status effects
A: icy blue scales 1
a: no special abilities


You were on level 2 of the Dungeon.
You visited 1 branch of the dungeon, and saw 2 of its levels.

You collected 45 gold pieces.

Inventory:

Armour
 a - a +0 robe (worn)
Scrolls
 g - a scroll of identify {unknown}
 h - a scroll of amnesia {unknown}
Potions
 b - a potion of magic
 c - a potion of curing {unknown}
 e - a potion of heal wounds {unknown}
 f - a potion of lignification {unknown}


   Skills:
 + Level 2.0 Dodging
 + Level 1.9 Stealth
 + Level 2.1 Spellcasting
 + Level 1.1 Conjurations
 + Level 3.2 Fire Magic


You had 4 spell levels left.
You knew the following spells:

 Your Spells              Type           Power      Damage    Failure   Level
a - Foxfire               Conj/Fire      32%        2x1d5     9%          1

Your spell library contained the following spells:

 Spells                   Type           Power      Damage    Failure   Level
 Scorch                   Fire           24%        2d6       9%          2
 Apportation              Tloc           2%         N/A       21%         1
 Necrotise                Necr           4%         1d4       21%         1
 Summon Small Mammal      Summ           4%         N/A       21%         1
 Conjure Flame            Conj/Fire      8%         6-21      26%         3
 Inner Flame              Hex/Fire       6%         N/A       32%         3
 Flame Wave               Conj/Fire      8%         2d5       63%         4


Dungeon Overview and Level Annotations

Branches:
Dungeon (1/15)

Altars:

Annotations:
D:2 Robin


Innate Abilities, Weirdness & Mutations

You are partially covered in icy blue scales. (AC +2)


Message History

Robin says, "Feeling lonely?"
The goblin no longer looks unusually strong.
Robin roars a battlecry!
The goblin goes into a battle-frenzy!
A hobgoblin comes into view.
The hobgoblin shouts!
The hobgoblin moves out of view.
Found a scroll labelled FYWUSK MAMNUAR.
Robin roars a battlecry!
The hobgoblins go into a battle-frenzy!
You conjure some foxfire!
The foxfire hits the goblin.
You kill the goblin!
You see here a +0 club.
You conjure some foxfire!
The hobgoblin misses you.
You closely miss the hobgoblin.
The foxfire hits Robin but does no damage. x2
The hobgoblin completely misses you.
Your foxfire dissipates!
Robin roars a battlecry!
The hobgoblin attacks as you move away! The hobgoblin hits you.
The hobgoblin attacks as you move away! The hobgoblin closely misses you.
Robin roars a battlecry!
You see here a scroll labelled FYWUSK MAMNUAR.
h - a scroll labelled FYWUSK MAMNUAR The goblin no longer looks unusually strong.
The hobgoblin closely misses you.
Robin roars a battlecry!
The goblin goes into a battle-frenzy!
You hear a shout!
The hobgoblin attacks as you move away! The hobgoblin hits you.
The hobgoblin attacks as you move away! The hobgoblin hits you.
* * * LOW HITPOINT WARNING * * *
As you read the scroll labelled HEASOFRANN, it crumbles to dust.
You assume a fearsome visage.
The hobgoblin looks frightened!
It was a scroll of fear.
Found a blue potion.
c - a blue potion This is a scroll of acquirement!
Something appears at your feet! Robin hits you with a +0 mace.
You die...

#...... ######.###..
........)...
######)#.... #.#.#..
###### # #.#....
#....##.####.#.###.#
#................)..
#.#@.##.## #.#.###.#
#.#.g...####.#. #.#
######.#...... .###.#
#....................
#.####.#####......#.#
........g...# ....#.#
##.####.###g# #.#.#.#
#.# #g# #.#.#.# #.#
#.####.#.#..


You could see Robin.

Vanquished Creatures
  An endoplasm (D:1)
  A giant cockroach (D:1)
  6 goblins
  A hobgoblin (D:1)
  A ball python (D:1)
  A frilled lizard (D:1)
  4 kobolds
  A rat (D:1)
16 creatures vanquished.

Vanquished Creatures (others)
  61 foxfires
61 creatures vanquished.

Grand Total: 77 creatures vanquished

Notes
Turn   | Place    | Note
-------+----------+-------------------------------------------
     0 | D:1      | gobodom the Demonspawn Fire Elementalist began the quest
                  | for the Orb.
     0 | D:1      | Reached XP level 1. HP: 13/13 MP: 3/3
   312 | D:1      | Reached skill level 3 in Fire Magic
   411 | D:1      | Gained mutation: You are partially covered in icy blue
                  | scales. (AC +2) [demonic ancestry]
   411 | D:1      | Reached XP level 2. HP: 19/19 MP: 1/5
   468 | D:1      | You fall into a shaft and drop 1 floor!
   682 | D:2      | Found a faded altar of an unknown god.
   701 | D:2      | Noticed Robin
   748 | D:2      | Identified a scroll of acquirement
   748 | D:2      | Acquired 1095 gold pieces
   748 | D:2      | Slain by Robin

Illustrated notes

Levels and vault maps discovered:
D:1:      kennysheep_arrival_seaside, layout_basic, minmay_misc_feat_doors
D:2:      layout_basic, shapermc_ecumenical_altar_venn, uniq_jessica, uniq_robin

Skill      XL: |  1  2 |
---------------+-------+-----
Fire Magic     | 3 |  3.2
Dodging        | 2 |  2.0
Stealth        | |  1.9
Spellcasting   | |  2.1
Conjurations   | |  1.1

Action                   || total
-------------------------++-------
Melee: Unarmed           ||    19
 Cast: Foxfire           ||    38
  Use: Scroll            ||     2
Armor: Robe              ||     5
Dodge: Dodged            ||    15

Table legend: (Time is in decaauts)
 A = Elapsed time spent in this place.
 B = Non-inter-level travel time spent in this place.
 C = Inter-level travel time spent in this place.
 D = Time resting spent in this place.
 E = Time spent auto-exploring this place.
 F = Levels seen in this place.
 G = Mean time per level.
                   A        B        C        D        E       F      G
               +--------+--------+--------+--------+--------+-----+--------+
         Total |    747 |    747 |      0 |      0 |    607 |   2 |  373.5 |
       Dungeon |    747 |    747 |      0 |      0 |    607 |   2 |  373.5 |
               +--------+--------+--------+--------+--------+-----+--------+

Top non-repeatable levels by time:
     D:1: 468 daAuts
     D:2: 279 daAuts
